 Dungeon Crawl Stone Soup version 0.21.0-22-g11d5b5247c (webtiles) character file.

136 GuyWithAPlan the Charmwright (level 4, -1/57 HPs)
             Began as a Draconian Skald on Jan 19, 2018.
             Killed from afar by an orc wizard (5 damage)
             ... with a magic dart
             ... on level 3 of the Dungeon.
             The game lasted 00:09:40 (2435 turns).

GuyWithAPlan the Charmwright (Draconian Skald)      Turns: 2435, Time: 00:09:40

Health: -1/57      AC:  5    Str: 18    XL:     4   Next: 98%
Magic:  0/7        EV: 12    Int: 14    God:
Gold:   63         SH:  0    Dex: 11    Spells: 1/7 levels left

rFire    x . .     SeeInvis .   a - +0 spear
rCold    + . .     Gourm    .   (no shield)
rNeg     . . .     Faith    .   (armour unavailable)
rPois    .         Spirit   .   u - +0 hat {MR+}
rElec    .         Reflect  .   (no cloak)
rCorr    .         Harm     .   (no gloves)
MR       +....                  (no boots)
Stlth    ..........             d - amulet of rage
HPRegen  0.19/turn              i - ring of ice
MPRegen  0.10/turn              (no ring)

@: berserking (expiring), lethally poisoned (-1 -> -2), infused (expiring),
singing, very slightly contaminated, very quick
A: unfitting armour, cold-blooded, AC +5
a: Evoke Berserk Rage


You were on level 3 of the Dungeon.
You were hungry.

You visited 1 branch of the dungeon, and saw 3 of its levels.

You collected 63 gold pieces.

Inventory:

Hand Weapons
 a - a +0 spear (weapon)
Missiles
 k - 2 silver javelins (quivered)
Armour
 g - a +0 large shield
 u - a +0 hat of magic resistance (worn)
Jewellery
 d - an amulet of rage (around neck)
 i - a ring of ice (left hand)
Scrolls
 e - a scroll of noise {unknown}
 l - a scroll of remove curse {unknown}
 m - 2 scrolls of magic mapping {unknown}
 p - 2 scrolls of identify {unknown}
 s - 2 scrolls of teleportation {unknown}
 t - a scroll of amnesia {unknown}
Potions
 f - 2 potions of haste
 h - a potion of ambrosia {unknown}
 j - a potion of curing {unknown}
 n - a potion of cancellation {unknown}
 o - a potion of heal wounds {unknown}
 q - a potion of flight {unknown}
 r - a potion of mutation {unknown}
Books
 b - a book of Battle

   Spells                             Type                      Level
   a - Infusion                       Charms                       1
   b - Shroud of Golubria             Charms/Translocation         2
   c - Song of Slaying                Charms                       2
   d - Spectral Weapon                Hexes/Charms                 3
   e - Regeneration                   Charms/Necromancy            3
Comestibles
 c - 5 rations


   Skills:
 + Level 3.3 Fighting
 - Level 2.0 Polearms
 - Level 2.1 Dodging
 - Level 2.0 Spellcasting
 + Level 4.5 Charms
 * Level 1.0 Necromancy


You had one spell level left.
You knew the following spells:

 Your Spells              Type           Power        Failure   Level  Hunger
a - Infusion              Chrm           ##..         3%          1    ##.....
b - Regeneration          Chrm/Necr      #.........   22%         3    ####...
c - Song of Slaying       Chrm           ##......     5%          2    ###....


Dungeon Overview and Level Annotations

Branches:
Dungeon (3/15)

Altars:
Uskayaw

Annotations:
D:3 1 transporter, eskilway's ghost, amateur TrMo


Innate Abilities, Weirdness & Mutations

Your plain brown scales are hard. (AC +5)
You cannot fit into any form of body armour.
You are cold-blooded and may be slowed by cold attacks.


Message History

You hit the orc wizard.
Your tail-slap misses the orc wizard.
The orc wizard is moderately wounded.
The orc wizard mumbles some strange words.
The orc wizard blinks!
You puncture the orc!
You kill the orc!
The orc wizard gestures wildly while chanting.
The orc wizard blinks!
You hit eskilway's ghost.
Eskilway's ghost is lightly damaged.
Eskilway's ghost hits you!
* * * LOW HITPOINT WARNING * * *
You barely miss eskilway's ghost.
Eskilway's ghost is lightly damaged.
You are too berserk!
You hit eskilway's ghost!
Eskilway's ghost is moderately damaged.
The orc wizard casts a spell at you. The magic dart hits you!
You die...

.# ######..)......#
.###............o.#
..#...............# #
S.................###.
#...............ยง....
#..................##
##.>........#.##..##
##..........#..#.##
.........(.###oW@#
............##.###
............##.# #.#
............#oo## #.#
........S...#.W.# #.#
#....o......#.#.## #.#
...........#..#..# #.###
>###.....o.#.###.####...#
#.#.# #...##...#


You could see an orc wizard, eskilway's ghost and an orc.

Vanquished Creatures
  7 adders
  A worm (D:3)
  3 dart slugs (D:1)
  2 leopard geckos (D:1)
  An orc (D:3)
  6 giant cockroaches
  3 hobgoblins
  11 jackals
  A quokka (D:2)
  4 bats
  5 frilled lizards
  5 goblins (D:1)
  5 kobolds
  8 rats
62 creatures vanquished.

Notes
Turn   | Place    | Note
-------+----------+-------------------------------------------
     0 | D:1      | GuyWithAPlan the Draconian Skald began the quest for the Orb.
     0 | D:1      | Reached XP level 1. HP: 17/17 MP: 3/3
   121 | D:1      | Reached skill level 3 in Charms
   192 | D:1      | Reached XP level 2. HP: 22/25 MP: 0/5
   550 | D:1      | Reached XP level 3. HP: 29/30 MP: 3/6
  1065 | D:2      | Noticed a dagger
  1065 | D:2      | Noticed a dagger
  1073 | D:2      | Reached skill level 4 in Charms
  1077 | D:2      | Found a hide-covered altar of Uskayaw.
  1566 | D:2      | Reached XP level 4. HP: 37/37 MP: 3/7
  1571 | D:2      | Learned a level 3 spell: Regeneration
  1574 | D:2      | Learned a level 2 spell: Song of Slaying
  2397 | D:3      | Found a transporter.
  2397 | D:3      | Noticed eskilway's ghost (amateur TrMo)
  2427 | D:3      | Reached skill level 1 in Necromancy
  2435 | D:3      | Killed from afar by an orc wizard

Skill      XL: |  1  2  3  4 |
---------------+-------------+-----
Charms         | 3 4 |  4.5
Fighting       | 3 |  3.3
Necromancy     | 1 |  1.0
Polearms       | |  2.0
Dodging        | |  2.1
Spellcasting   | |  2.0

Action                   |  1- 3 |  4- 6 || total
-------------------------+-------+-------++-------
Melee: Spear             |   147 |    93 ||   240
       Tailslap          |    12 |     3 ||    15
 Cast: Infusion          |    20 |     8 ||    28
       Song of Slaying   |       |     2 ||     2
 Abil: Evoke Berserk Rag |       |     1 ||     1
 Stab: Distracted        |     1 |       ||     1
  Eat: Chunk             |     3 |     3 ||     6
Armor: Skin              |    30 |    25 ||    55
Dodge: Dodged            |    72 |    56 ||   128
